 Dungeon Crawl Stone Soup version 0.20.1-1-g8b1a95d (webtiles) character file.

78 Jazqa the Sneak (level 4, -6/21 HPs)
             Began as a Spriggan Enchanter on Oct 31, 2017.
             Killed by nerve-wracking pain
             ... invoked by a shadow imp
              (9 damage)
             ... on level 3 of the Dungeon.
             The game lasted 00:04:07 (2807 turns).

Jazqa the Sneak (Spriggan Enchanter)                Turns: 2807, Time: 00:04:08

Health: -6/21      AC:  2    Str:  4    XL:     4   Next: 15%
Magic:  9/9        EV: 18    Int: 16    God:
Gold:   66         SH:  0    Dex: 17    Spells: 2/8 levels left

rFire    . . .     SeeInvis +   a - +1 dagger
rCold    . . .     Gourm    .   (shield restricted)
rNeg     . . .     Faith    .   b - +0 robe
rPois    .         Spirit   .   (helmet restricted)
rElec    .         Reflect  .   (no cloak)
rCorr    .         Harm     .   (gloves unavailable)
MR       .....                  (boots unavailable)
Stlth    +++.......             (no amulet)
Regen    0.1/turn               (no ring)
MPRegen  0.2/turn               (no ring)

@: very quick
A: unfitting armour, see invisible, herbivore 3, speed 3, slow metabolism 2
a: no special abilities


You were on level 3 of the Dungeon.
You were not hungry.

You visited 1 branch of the dungeon, and saw 3 of its levels.

You collected 66 gold pieces.


Innate Abilities, Weirdness & Mutations

You are very small and have problems with some larger weapons.
You are too small for most types of armour.
You have supernaturally acute eyesight. (SInv)
You are a herbivore.
You cover ground extremely quickly.
You need consume almost no food.


   Skills:
 + Level 3.1 Short Blades
 - Level 3.0 Dodging
 + Level 5.9 Stealth
 + Level 2.7 Spellcasting
 + Level 3.9 Hexes


You had 2 spell levels left.
You knew the following spells:

 Your Spells              Type           Power        Failure   Level  Hunger
d - Tukima's Dance        Hex            ##......     11%         3    ###....
x - Ensorcelled Hibernat  Hex/Ice        #.....       13%         2    ##.....
z - Corona                Hex            ##.....      3%          1    #......

Inventory:

Hand Weapons
 a - a +1 dagger (weapon)
Armour
 b - a +0 robe (worn)
Scrolls
 e - a scroll of enchant weapon {unknown}
 f - a scroll of recharging {unknown}
 i - a scroll of enchant armour {unknown}
 j - 4 scrolls of remove curse {unknown}
 k - a scroll of identify {unknown}
 o - a scroll of teleportation {unknown}
Potions
 g - 2 potions of flight {unknown}
 h - a potion of might {unknown}
 l - a potion of magic {unknown}
 m - a potion of brilliance {unknown}
Books
 c - a book of Maledictions

   Spells                             Type                      Level
   a - Corona                         Hexes                        1
   b - Ensorcelled Hibernation        Hexes/Ice                    2
   c - Confuse                        Hexes                        3
   d - Tukima's Dance                 Hexes                        3
   e - Dazzling Spray                 Conjuration/Hexes            3
Comestibles
 d - a bread ration {@e1}
 n - 2 fruits {@e2}

Dungeon Overview and Level Annotations

Branches:
Dungeon (3/15)

Altars:
Makhleb
Nemelex Xobeh
Ru
Trog
Vehumet
Xom
Yredelemnul
The Shining One

Annotations:
D:3 Robin

.# ###.#.#....... ..
....#.###.####
.######..........
..#..........###
#.#.#...........
#.#.#.......†##.
#####.#.#.....†.....
#....5.........##.##
#.#@#.#..##.#####.#
###.#...#.# #.#
..#####.# #.## ....
..# #..# ..###
#######... ...
........ ....
##..###. #..# #.
#..###.


You could see a shadow imp.


Message History

The shadow imp hits you but does no damage.
You hit the shadow imp.
The shadow imp is lightly wounded.
The shadow imp completely misses you.
You closely miss the shadow imp.
The shadow imp is lightly wounded.
The shadow imp hits you.
You hit the shadow imp but do no damage.
The shadow imp is lightly wounded.
The shadow imp misses you.
You hit the shadow imp but do no damage.
The shadow imp is lightly wounded.
The shadow imp gestures at you. Pain shoots through your body!
Ouch! That really hurt!
* * * LOW HITPOINT WARNING * * *
The shadow imp shouts, "Relinquish hope, thou paunchy spur-galled snacklet!"
The shadow imp sputters.
Found a stone staircase leading down.
You start resting.
You start resting.
Casting: Corona
Confirm with . or Enter, or press ? or * to list all spells.
You can't see any susceptible monsters within range! (Use Z to cast anyway.)
The shadow imp completely misses you.
A goblin, a hobgoblin and Robin come into view.
Robin shouts!
The shadow imp gestures at you. Pain shoots through your body!
You die...

Skill      XL: |  1  2  3 |
---------------+----------+-----
Stealth        | 5 |  5.9
Short Blades   | 2 3 |  3.1
Dodging        | |  3.0
Spellcasting   | |  2.7
Hexes          | |  3.9

Action                   |  1- 3 |  4- 6 || total
-------------------------+-------+-------++-------
Melee: Dagger            |   147 |    25 ||   172
 Cast: Corona            |    13 |     2 ||    15
       Ensorcelled Hiber |     4 |       ||     4
 Stab: Sleeping          |    13 |       ||    13
       Distracted        |     1 |       ||     1
Armor: Robe              |    18 |     1 ||    19
Dodge: Dodged            |   123 |    19 ||   142

Vault maps used:
D:1:      minmay_arrival_diagonal_passages, serial_bayou_lake_a
D:2:      minitemple, nicolae_ru_awakened_eye
D:3:      hex_tiny, minmay_misc_feat_cross, hangedman_decor_clover_reticule,
          cheibrodos_gnoll_hut, uniq_robin, uniq_terence

Notes
Turn   | Place    | Note
-------+----------+-------------------------------------------
     0 | D:1      | Jazqa the Spriggan Enchanter began the quest for the Orb.
     0 | D:1      | Reached XP level 1. HP: 9/9 MP: 5/5
   275 | D:1      | Reached skill level 5 in Stealth
   275 | D:1      | Reached XP level 2. HP: 9/13 MP: 6/6
   468 | D:1      | Reached skill level 2 in Short Blades
  1148 | D:1      | Reached XP level 3. HP: 4/16 MP: 6/8
  1629 | D:2      | Learned a level 2 spell: Ensorcelled Hibernation
  1759 | D:2      | Learned a level 3 spell: Tukima's Dance
  1891 | D:2      | Found a sacrificial altar of Ru.
  2432 | D:2      | Reached skill level 3 in Short Blades
  2522 | D:2      | Found a shimmering altar of Xom.
  2524 | D:2      | Found a glowing golden altar of the Shining One.
  2528 | D:2      | Found a burning altar of Makhleb.
  2528 | D:2      | Found a bloodstained altar of Trog.
  2528 | D:2      | Found a sparkling altar of Nemelex Xobeh.
  2528 | D:2      | Found a radiant altar of Vehumet.
  2531 | D:2      | Found a basalt altar of Yredelemnul.
  2612 | D:3      | Reached XP level 4. HP: 21/21 MP: 6/9
  2771 | D:3      | HP: 2/21 [shadow imp/nerve-wracking pain (12)]
  2804 | D:3      | Noticed Robin
  2807 | D:3      | Killed from afar by a shadow imp

Vanquished Creatures
  3 adders
  2 oozes
  A worm (D:2)
  A leopard gecko (D:1)
  5 bats (D:1)
  A giant cockroach (D:2)
  4 hobgoblins
  2 jackals (D:2)
  4 kobolds
  2 ball pythons (D:1)
  A frilled lizard (D:2)
  5 goblins
  10 rats
41 creatures vanquished.
